 Dungeon Crawl Stone Soup version 0.26.1-11-gd32895ea62 (webtiles) character file.

Game seed: 2572032565793605486

19815 Amplified the Frost Mage (level 12, -49/100 HPs)
             Began as a Barachi Ice Elementalist on July 4, 2021.
             Was a High Priest of Makhleb.
             Annihilated by a very large slime creature (51 damage)
             ... on level 11 of the Dungeon on July 5, 2021.
             The game lasted 00:35:52 (13270 turns).

Amplified the Frost Mage (BaIE)                    Turns: 13270, Time: 00:35:53

Health: -49/100    AC: 25    Str: 11    XL:     12   Next: 73%
Magic:  14/25      EV: 12    Int: 24    God:    Makhleb [*****.]
Gold:   614        SH:  6    Dex: 13    Spells: 6/30 levels left

rFire    + . .     SeeInvis +   w - +9 morningstar "Demonslayer" {vorpal, rN+}
rCold    + + +     Faith    +   f - +0 buckler
rNeg     + . .     Spirit   .   B - +3 swamp dragon scales
rPois    +         Reflect  .   u - +2 helmet {Int+3}
rElec    .         Harm     .   G - scarf {rC+ rF+}
rCorr    .         Rampage  .   c - +1 pair of gloves {archery}
Will     .....                  b - +1 pair of boots
Stlth    +.........             n - amulet of faith
HPRegen  0.26/turn              o - ring of protection from cold
MPRegen  0.19/turn              k - ring of Intercession {rC+ Int+2 SInv}

@: icy armour, can't hop, frozen ramparts, slow
A: +LOS, swims, slowness 1, strong legs 1
a: Hop, Renounce Religion, Minor Destruction, Lesser Servant of Makhleb, Major
Destruction, Greater Servant of Makhleb


You were on level 11 of the Dungeon.
You worshipped Makhleb.
Makhleb was extremely pleased with you.
You visited 2 branches of the dungeon, and saw 13 of its levels.
You also visited: Sewer.

You collected 988 gold pieces.
You spent 374 gold pieces at shops.

Inventory:

Hand Weapons
 w - the +9 morningstar "Demonslayer" (weapon) {vorpal, rN+}
   (You found it on level 11 of the Dungeon)

   It inflicts extra damage upon your enemies.
   It protects you from negative energy.
Missiles
 a - 38 poisoned darts
 e - 2 throwing nets
 I - 7 curare-tipped darts
Armour
 b - a +1 pair of boots (worn)
 c - a +1 pair of gloves of archery (worn)
 f - a +0 buckler (worn)
 u - a +2 helmet of intelligence (worn)
 B - +3 swamp dragon scales (worn)
 G - a scarf of resistance (worn)
Jewellery
 k - the ring of Intercession (right hand) {rC+ Int+2 SInv}
   (You found it on level 5 of the Dungeon)

   [ring of see invisible]

   It affects your intelligence (+2).
   It protects you from cold.
   It lets you see invisible.
 n - an amulet of faith (around neck)
 o - a ring of protection from cold (left hand)
 r - an uncursed amulet of magic regeneration {unknown}
 s - an uncursed ring of positive energy
 x - an uncursed amulet of guardian spirit {unknown}
Wands
 v - a wand of polymorph (7)
 H - a wand of flame (51)
Scrolls
 h - a scroll of magic mapping
 p - 2 scrolls of remove curse
 q - 2 scrolls of amnesia
 y - 3 scrolls of fog
 A - a scroll of enchant weapon
Potions
 d - 5 potions of curing
 g - 4 potions of brilliance
 j - 3 potions of mutation
 m - 4 potions of flight
 z - a potion of heal wounds
Miscellaneous
 i - a condenser vane (inert)


   Skills:
 - Level 11.1 Fighting
 * Level 4.5 Maces & Flails
 - Level 3.0 Armour
 - Level 3.7 Dodging
 - Level 1.7 Stealth
 - Level 9.7 Shields
 - Level 9.9 Spellcasting
 * Level 12.9 Ice Magic
 * Level 3.9 Invocations
 * Level 3.4 Evocations


You had 6 spell levels left.
You knew the following spells:

 Your Spells              Type           Power        Failure   Level
a - Freeze                Ice            100%         1%          1
b - Frozen Ramparts       Ice            100%         1%          3
c - Ozocubu's Armour      Ice            65%          1%          3
d - Hailstorm             Conj/Ice       43%          9%          4
e - Blink                 Tloc           N/A          19%         2
f - Mephitic Cloud        Conj/Pois/Air  11%          36%         3
g - Summon Ice Beast      Ice/Summ       43%          9%          4
h - Summon Lightning Spi  Summ/Air       11%          77%         4

Your spell library contained the following spells:

 Spells                   Type           Power        Failure   Level
 Magic Dart               Conj           44%          12%         1
 Sting                    Tmut/Pois      44%          12%         1
 Summon Small Mammal      Summ           44%          12%         1
 Call Imp                 Summ           11%          19%         2
 Poisonous Vapours        Pois/Air       22%          19%         2
 Slow                     Hex            11%          19%         2
 Call Canine Familiar     Summ           11%          36%         3
 Conjure Flame            Conj/Fire      11%          36%         3
 Ignite Poison            Fire/Tmut/Pois 11%          36%         3
 Summon Guardian Golem    Hex/Summ       11%          36%         3
 Olgreb's Toxic Radiance  Pois           11%          77%         4


Dungeon Overview and Level Annotations

Branches:
Dungeon (12/15)            Temple (1/1) D:4            Lair (0/6) D:11
    Orc (0/2) D:12          Sewer (visited)

Altars:
Ashenzari
Cheibriados
Dithmenos
Elyvilon
Fedhas
Gozag
Hepliaklqana
Kikubaaqudgha
Makhleb
Nemelex Xobeh
Okawaru
Qazlal
Ru
Sif Muna
Trog
Uskayaw
Vehumet
Wu Jian
Xom
Yredelemnul
Zin
The Shining One

Shops:
D:6 [   D:8 [   D:12 (

Annotations:
D:2 Natasha
D:8 2 transporters, swarr's ghost, novice GrFi
D:10 Harold
D:11 1 runed translucent door, Ijustatesigmund's ghost, journeyman OpFi


Innate Abilities, Weirdness & Mutations

You can be seen from farther away. (+LOS)
You can swim through water.
You cover ground slowly.
You can hop short distances.


Message History

Your ynoxinul hits the very large slime creature!
Unknown command.
Unknown command.
You sock the very large slime creature!
The very large slime creature is almost dead.
The wall freezes the very large slime creature!
The very large slime creature hits you!!
* * * LOW HITPOINT WARNING * * *
Your ynoxinul hits the very large slime creature.
Unknown command.
Unknown command.
Okay, then.
Okay, then.
Okay, then.
You hit the very large slime creature.
The very large slime creature is almost dead.
The wall freezes the very large slime creature.
The very large slime creature hits you!!!
Ouch! That really hurt!
You die...

*.# # *.# # *.# #
*.# ######### *.#
#....[... *.#
#......)# *.#
#.......#
##3##########.###.
#@J..........>....
###########.......
#....... #######.
#. #. ## # #


You could see a very large slime creature and a friendly ynoxinul (summoned).

Vanquished Creatures
  A hydra (D:11)
  A centaur warrior (D:12)
  A boulder beetle (D:11)
  3 two-headed ogres
  An unseen horror (D:10)
  2 orc knights (D:10)
  Pikel (D:6)
  A manticore (D:12)
  A deep elf mage (D:12)
  A cyclops (D:11)
  2 gargoyles
  Joseph (D:8)
  Maggie (D:7)
  2 komodo dragons
  4 trolls
  3 slime creatures
  A hornet (D:11)
  19 yaks
  Edmund (D:6)
  A soldier ant (D:12)
  A water moccasin (D:10)
  5 orc warriors
  4 sky beasts
  2 ice beasts (D:7)
  2 phantoms
  A black bear (D:7)
  6 wolves
  6 ogres
  2 centaurs
  3 big kobolds
  2 lemures (D:6)
  4 bullfrogs
  Dowan (D:5)
  2 scorpions
  13 killer bees
  4 wights (D:7)
  2 howler monkeys
  3 electric eels (D:11)
  2 jellies (D:10)
  10 orc priests
  A bullfrog skeleton (D:12)
  3 hounds
  13 orc wizards
  Jessica (D:2)
  7 worker ants
  5 iguanas
  A killer bee zombie (D:8)
  A hound skeleton (D:4)
  A worker ant zombie (D:6)
  3 gnolls (D:4)
  12 adders
  4 river rats
  A shadow imp (D:8)
  A white imp (D:7)
  An ooze (D:2)
  2 adder skeletons
  4 dart slugs
  6 leopard geckos
  54 orcs
  9 bats
  6 giant cockroaches
  4 goblins
  6 hobgoblins
  11 jackals
  19 kobolds
  3 quokkas
  3 ball pythons
  4 frilled lizards
  3 goblin zombies (D:7)
  2 hobgoblin zombies (D:7)
  A jackal skeleton (D:5)
  A jackal zombie (D:5)
  A kobold skeleton (D:7)
  A leopard gecko skeleton (D:4)
  An orc zombie (D:7)
  8 rats
327 creatures vanquished.

Vanquished Creatures (collateral kills)
  Snorg (D:11)
  5 slime creatures (D:12)
  A wight (D:7)
  An adder (D:12)
8 creatures vanquished.

Vanquished Creatures (others)
  An orc wizard (D:5)
  A frilled lizard (D:4)
  A plant (D:6)
3 creatures vanquished.

Grand Total: 338 creatures vanquished

Notes
Turn   | Place    | Note
-------+----------+-------------------------------------------
     0 | D:1      | Amplified the Barachi Ice Elementalist began the quest for
                  | the Orb.
     0 | D:1      | Reached XP level 1. HP: 13/13 MP: 3/3
   287 | D:1      | Reached XP level 2. HP: 12/20 MP: 3/5
   634 | D:1      | Reached skill level 5 in Ice Magic
  1051 | D:2      | Reached skill level 1 in Fighting
  1051 | D:2      | Reached skill level 1 in Armour
  1265 | D:2      | Reached XP level 3. HP: 26/26 MP: 3/6
  1382 | D:2      | Noticed Jessica
  1388 | D:2      | Learned a level 3 spell: Frozen Ramparts
  1426 | D:2      | Killed Jessica
  1427 | D:2      | Reached XP level 4. HP: 33/33 MP: 1/8
  1852 | D:2      | Noticed Natasha
  1913 | D:3      | Learned a level 3 spell: Ozocubu's Armour
  1993 | D:3      | Found a glowing drain.
  1998 | Sewer    | Entered a sewer
  2005 | Sewer    | Reached XP level 5. HP: 32/38 MP: 5/9
  2115 | Sewer    | Noticed a big kobold
  2134 | Sewer    | Killed a big kobold
  2328 | Sewer    | Found a white marble altar of Elyvilon.
  2532 | D:3      | Reached XP level 6. HP: 40/46 MP: 6/11
  3221 | D:3      | Reached skill level 6 in Ice Magic
  3577 | D:4      | Learned a level 4 spell: Hailstorm
  3797 | D:4      | Reached skill level 1 in Shields
  3823 | D:4      | Reached XP level 7. HP: 52/52 MP: 3/12
  4531 | D:4      | Found a staircase to the Ecumenical Temple.
  4542 | Temple   | Entered the Ecumenical Temple
  4643 | Temple   | Became a worshipper of Makhleb the Destroyer
  4688 | D:5      | Entered Level 5 of the Dungeon
  4821 | D:6      | Learned a level 2 spell: Blink
  4963 | D:6      | Noticed Edmund
  4973 | D:6      | Killed Edmund
  4974 | D:6      | Reached XP level 8. HP: 41/61 MP: 5/14
  5093 | D:6      | Reached skill level 7 in Ice Magic
  5304 | D:6      | Reached * piety under Makhleb
  5376 | D:6      | Learned a level 3 spell: Mephitic Cloud
  5392 | D:6      | Noticed Pikel
  5419 | D:6      | Killed Pikel
  5420 | D:6      | Reached skill level 5 in Fighting
  5420 | D:6      | Reached skill level 5 in Spellcasting
  5600 | D:6      | Found Qoqewk's Antique Armour Shop.
  5611 | D:6      | Bought a runed helmet for 232 gold pieces
  6041 | D:6      | Reached skill level 8 in Ice Magic
  6085 | D:5      | Reached XP level 9. HP: 60/69 MP: 13/17
  6127 | D:5      | Noticed Duvessa
  6151 | D:5      | Noticed Dowan
  6348 | D:5      | Reached skill level 5 in Shields
  6368 | D:5      | Got a brightly glowing platinum ring
  6372 | D:5      | Identified the ring of Intercession {rC+ Int+2 SInv} (You
                  | found it on level 5 of the Dungeon)
  6397 | D:5      | Noticed Duvessa
  6397 | D:5      | Duvessa changed into Duvessa the killer bee
  6402 | D:5      | Killed Duvessa the killer bee
  6411 | D:5      | Killed Dowan
  6767 | D:5      | Found a sacrificial altar of Ru.
  6955 | D:5      | Found a glowing silver altar of Zin.
  7292 | D:7      | Found a glowing golden altar of the Shining One.
  7302 | D:7      | Reached ** piety under Makhleb
  7413 | D:7      | Learned a level 4 spell: Summon Ice Beast
  7519 | D:7      | Reached skill level 9 in Ice Magic
  8454 | D:7      | Noticed Maggie
  8470 | D:7      | Killed Maggie
  8471 | D:7      | Reached XP level 10. HP: 80/80 MP: 14/20
  8671 | D:8      | Noticed Joseph
  8681 | D:8      | Killed Joseph
  8754 | D:8      | Found Geuned's Antique Armour Emporium.
  8766 | D:8      | Bought a crude robe for 142 gold pieces
  8874 | D:8      | Reached *** piety under Makhleb
  8883 | D:8      | Identified the +2 robe of Veckuh {Int+2} (You bought it in
                  | a shop on level 8 of the Dungeon)
  9102 | D:8      | Found a transporter.
  9102 | D:8      | Noticed swarr's ghost (novice GrFi)
  9103 | D:8      | Noticed a cyclops
  9106 | D:8      | Found a transporter.
  9405 | D:8      | Reached skill level 10 in Ice Magic
  9596 | D:10     | Entered Level 10 of the Dungeon
  9756 | D:10     | Noticed an unseen horror
  9762 | D:10     | Noticed a gargoyle
  9778 | D:10     | Killed an unseen horror
  9796 | D:10     | Killed a gargoyle
  9800 | D:10     | Noticed an orc knight
  9800 | D:10     | Noticed an orc knight
  9882 | D:9      | Reached XP level 11. HP: 73/89 MP: 17/23
  9989 | D:9      | Reached **** piety under Makhleb
 10277 | D:9      | Got a pearl-studded leather armour
 10420 | D:9      | Found a hide-covered altar of Uskayaw.
 10476 | D:9      | Identified the +2 leather armour "Ozosoargh" {-Tele Rampage
                  | rCorr} (You found it on level 9 of the Dungeon)
 10523 | D:10     | Reached skill level 11 in Ice Magic
 10765 | D:11     | Noticed an eight-headed hydra
 10773 | D:11     | Killed an eight-headed hydra
 10774 | D:11     | Reached skill level 10 in Fighting
 10942 | D:11     | Noticed a cyclops
 10965 | D:11     | Killed a cyclops
 11050 | D:11     | Found a staircase to the Lair.
 11128 | D:11     | Noticed Snorg
 11149 | D:11     | Noticed a two-headed ogre
 11152 | D:10     | Noticed Harold
 11152 | D:10     | Noticed an orc knight
 11152 | D:10     | Noticed a +4 great sword
 11152 | D:10     | Noticed an orc knight
 11298 | D:12     | Reached ***** piety under Makhleb
 11379 | D:12     | Noticed a two-headed ogre
 11395 | D:12     | Killed a two-headed ogre
 11650 | D:12     | Found Cuet's Weapon Emporium.
 11652 | D:12     | Found a staircase to the Orcish Mines.
 11701 | D:12     | Noticed a deep elf mage
 11707 | D:12     | Noticed a manticore
 11724 | D:11     | Noticed a two-headed ogre
 11749 | D:11     | Killed a two-headed ogre
 11750 | D:11     | Reached skill level 12 in Ice Magic
 12007 | D:11     | Reached XP level 12. HP: 100/100 MP: 16/25
 12014 | D:11     | Killed Snorg
 12015 | D:11     | Reached skill level 1 in Invocations
 12090 | D:11     | Got a bloodstained morningstar
 12091 | D:11     | Identified the +9 morningstar "Demonslayer" {vorpal, rN+}
                  | (You found it on level 11 of the Dungeon)
 12103 | D:11     | Killed a two-headed ogre
 12104 | D:11     | Reached skill level 1 in Maces & Flails
 12214 | D:11     | Noticed a boulder beetle
 12273 | D:11     | Killed a boulder beetle
 12385 | D:11     | Found a runed translucent door.
 12385 | D:11     | Noticed Ijustatesigmund's ghost (journeyman OpFi)
 12694 | D:10     | Reached skill level 1 in Evocations
 12760 | D:12     | Learned a level 4 spell: Summon Lightning Spire
 13137 | D:12     | Noticed a centaur warrior
 13146 | D:12     | Killed a centaur warrior
 13269 | D:11     | HP: 2/100 [very large slime creature (30)]
 13270 | D:11     | Annihilated by a very large slime creature

Illustrated notes

Levels and vault maps discovered:
D:1:      lightli_arrival_maybe_door_vault, layout_basic
D:2:      layout_loops_ring, serial_glass, glass_columns_b, glass_columns_b,
          item_on_display_a, minmay_strange_pillars, feat_on_display,
          minmay_strange_pillars, st_stairs_8, minmay_indecisive_spiral,
          uniq_crazy_yiuf_cottage, uniq_jessica, uniq_natasha
D:3:      layout_loops_ring, portal_sewer_entry_e, serial_rivers,
          chequers_serial_rivers_micro_a, chequers_serial_rivers_micro_d,
          chequers_serial_rivers_micro_d, chequers_serial_rivers_micro_d
D:4:      layout_rooms, lemuel_temple_firewalk_b, minmay_misc_feat_square,
          st_stairs_3, kennysheep_generic_room_6
D:5:      layout_rooms, zin_treasury, nicolae_ru_path_of_blood, uniq_duvessa
D:6:      layout_basic, serial_shops, nicolae_shop_overgrown_old_shop,
          uniq_pikel, uniq_edmund
D:7:      layout_gridville, nicolae_tso_besieged_by_evil, uniq_maggie
D:8:      layout_layer_cave, gammafunk_ghost_arena, serial_shops, shop_coins,
          grunt_ministairs_7, hangedman_decor_opposing, uniq_joseph
D:9:      layout_rooms, basic_altar
D:10:     layout_cave_pools, sword_in_stone
D:11:     layout_basic, erik_lair_island, ebering_ghost_reflecting_pool,
          minmay_misc_feat_five, uniq_snorg
D:12:     layout_big_octagon, orc_david_3
Temple:   compressed_dpeg_circular_temple

Skill      XL: |  1  2  3  4  5  6  7  8  9 10 11 12 |
---------------+-------------------------------------+-----
Ice Magic      | 5 6 8 9 10 12 | 12.9
Fighting       | 1 2 3 4 6 7 9 11 | 11.1
Armour         | 1 2 3 |  3.0
Dodging        | 3 |  3.7
Spellcasting   | 3 4 5 7 8 9 |  9.9
Shields        | 1 3 4 6 8 9 |  9.7
Invocations    | 3 |  3.9
Maces & Flails | 4 |  4.5
Evocations     | 3 |  3.4
Stealth        | |  1.7

Action                   |  1- 3 |  4- 6 |  7- 9 | 10-12 || total
-------------------------+-------+-------+-------+-------++-------
Melee: Unarmed           |    36 |    67 |       |       ||   103
       Flail             |       |    15 |    30 |       ||    45
       Dagger            |       |       |   342 |   332 ||   674
       Morningstar       |       |       |       |   114 ||   114
 Cast: Freeze            |    24 |    37 |    16 |     6 ||    83
       Frozen Ramparts   |     3 |    20 |    27 |    46 ||    96
       Ozocubu's Armour  |       |     1 |    18 |    22 ||    41
       Summon Ice Beast  |       |       |     2 |     1 ||     3
       Mephitic Cloud    |       |       |       |     2 ||     2
       Hailstorm         |       |       |       |     1 ||     1
Invok: Lesser Servant of |       |       |       |     3 ||     3
 Abil: Hop               |       |     1 |     3 |    12 ||    16
Evoke: Wand              |       |       |     6 |    31 ||    37
       Condenser vane    |       |       |       |     1 ||     1
  Use: Scroll            |     1 |    12 |     5 |    16 ||    34
       Potion            |     2 |       |     2 |    10 ||    14
 Stab: Sleeping          |     1 |     1 |     1 |       ||     3
       Paralysed         |       |       |       |    11 ||    11
       Distracted        |       |       |       |     2 ||     2
Armor: Robe              |    24 |    34 |   117 |    96 ||   271
       Swamp dragon scal |       |       |       |    32 ||    32
       Skin              |       |       |       |    26 ||    26
       Troll leather arm |       |       |       |    61 ||    61
Dodge: Dodged            |    49 |   126 |   231 |   285 ||   691
Block: Buckler           |       |     4 |    90 |   163 ||   257
